 Dungeon Crawl Stone Soup version 0.30-a0-1053-gbd8d5ba0ad (webtiles) character file.

Game seed: 424262096254897557

1592 cforsyth the Summoner (level 8, 0/46 HPs)
             Began as an Octopode Summoner on Apr 11, 2023.
             Killed from afar by an orc wizard (11 damage)
             ... with a magic dart
             ... on level 7 of the Dungeon on Apr 12, 2023.
             The game lasted 00:16:14 (7636 turns).

cforsyth the Summoner (Octopode Summoner)           Turns: 7636, Time: 00:16:15

Health: 0/46       AC:  1    Str: 14    XL:     8   Next: 93%
Magic:  14/17      EV: 13    Int: 19    God:
Gold:   295        SH:  0    Dex: 12    Spells: 7/20 levels left

rFire   . . .      SeeInvis .    (no weapon)
rCold   . . .      Faith    .    (no shield)
rNeg    + . .      Spirit   .    (helmet restricted)
rPois   .          Reflect  .    (no amulet)
rElec   .          Rampage  .    c - ring of positive energy
rCorr   .                        d - +6 ring of strength
Will    .....                    (no ring)
Stlth   +++                      (no ring)
HPRegen 0.27/turn                (no ring)
MPRegen 0.15/turn                (no ring)
                                 (no ring)
                                 (no ring)

@: no status effects
A: almost no armour, amphibious, 8 rings, camouflage 1, gelatinous body 1,
(nimble swimmer 1), tentacles
a: no special abilities


You were on level 7 of the Dungeon.
You visited 1 branch of the dungeon, and saw 7 of its levels.
You also visited: Sewer.

You collected 295 gold pieces.

Inventory:

Jewellery
 c - a ring of positive energy (left tentacle)
 d - a +6 ring of strength (right tentacle)
 u - a ring of positive energy
Wands
 f - a wand of mindburst (17)
Scrolls
 b - 2 scrolls of fog
 e - 3 scrolls of teleportation
 k - 4 scrolls of enchant armour {unknown}
 m - a scroll of magic mapping {unknown}
 n - a scroll of silence {unknown}
 v - a scroll of fear {unknown}
 w - a scroll of blinking {unknown}
Potions
 a - a potion of magic
 g - 2 potions of might
 h - 2 potions of cancellation
 i - a potion of flight {unknown}
 j - a potion of invisibility {unknown}
 l - 3 potions of attraction
 o - 2 potions of mutation
 p - a potion of lignification {unknown}
 q - 2 potions of curing {unknown}
 r - a potion of ambrosia {unknown}
 s - a potion of brilliance {unknown}
 t - a potion of haste


   Skills:
 - Level 2.0 Dodging
 - Level 2.6 Stealth
 + Level 6.6 Spellcasting
 - Level 3.0 Hexes
 + Level 8.1 Summonings
 - Level 3.0 Air Magic


You had 7 spell levels left.
You knew the following spells:

 Your Spells              Type           Power      Damage    Failure   Level
a - Summon Small Mammal   Summ           100%       N/A       1%          1
b - Call Imp              Summ           74%        N/A       1%          2
c - Call Canine Familiar  Summ           37%        N/A       1%          3
d - Summon Guardian Gole  Hex/Summ       27%        N/A       3%          3
e - Summon Lightning Spi  Summ/Air       27%        N/A       11%         4

Your spell library contained the following spells:

 Spells                   Type           Power      Damage    Failure   Level
 Foxfire                  Conj/Fire      24%        2x1d5     11%         1
 Blink                    Tloc           12%        N/A       16%         2
 Dazzling Flash           Conj/Hex       22%        N/A       17%         3
 Inner Flame              Hex/Fire       11%        N/A       17%         3
 Volatile Blastmotes      Fire/Tloc      12%        2d11      32%         3
 Iskenderun's Mystic Bla  Conj/Tloc      6%         2d4       71%         4
 Manifold Assault         Tloc           6%         N/A       71%         4
 Passage of Golubria      Tloc           6%         N/A       71%         4
 Starburst                Conj/Fire      3%         6d3       100%        6
 Storm Form               Tmut/Air       5%         N/A       100%        7
 Ignition                 Fire           3%         3d4       100%        8


Dungeon Overview and Level Annotations

Branches:
Dungeon (7/15)              Sewer (visited)
 Temple: D:4-7

Altars:
Elyvilon
Fedhas
Kikubaaqudgha
Qazlal
Xom
Zin
The Shining One

Shops:
D:4 *


Innate Abilities, Weirdness & Mutations

You cannot wear most types of armour.
You are amphibious.
You can wear up to eight rings at the same time.
Your skin changes colour to match your surroundings (Stealth+).
Your rubbery body absorbs attacks. (AC +1, EV +1)
((You are camouflaged when in or above water. (Stealth+)))
You have tentacles for arms and can constrict up to eight enemies at once.


Message History

The sky beast hits your guardian golem.
The sky beast shocks your guardian golem.
Your guardian golem resists.
Your cerulean imp hits the sky beast but does no damage.
You hear some strange, mumbled words.
Your hound appears confused.
Okay, then.
Unknown command.
Aiming: Mindburst
Press: ? - help, Shift-Dir - straight line, f - sky beast
Aim: a sky beast (moderately wounded, ally target, chance to affect: 64%)
The sky beast struggles to resist.
Your hound bites something.
Your quokka bites the sky beast.
The sky beast hits your guardian golem but does no damage.
Your hound bites something but does no damage.
Your cerulean imp hits the sky beast from afar with a +0 spear.
Something hits your hound.
Your hound dies!
Your hound's corpse disappears in a puff of smoke!
Aiming: Mindburst
Press: ? - help, Shift-Dir - straight line, f/p - sky beast
Aim: a sky beast (heavily wounded, ally target, chance to affect: 64%)
The sky beast's mind is blasted!
Your quokka barely misses the sky beast.
Something hits you.
* * * LOW HITPOINT WARNING * * *
Your cerulean imp completely misses the sky beast.
Your quokka bites the sky beast.
The sky beast dies!
Okay, then.
Okay, then.
Okay, then.
Okay, then.
Magic courses through your body. Something hits you but does no damage.
Casting: Summon Guardian Golem (dangerous; 3% risk of failure)
Confirm with . or Enter, or press ? or * to list all spells.
You hear some strange, mumbled words.
A magic dart appears from out of thin air!
The magic dart hits you!
You die...

.................
......#..<)))......
........#...)##....
........#........#
.....#...†.†#..##
.##......(...#...#
.........h.....#.#
........{5...#...#
#.###@9r..###..#
.$......##.........
##....##.#..##.....
##... /...# #...
.... ##.## . ...##
#.# ### #.# ...


You could see a friendly guardian golem (summoned), a friendly hound (summoned,
sheltered), a friendly cerulean imp (summoned, sheltered) and a friendly quokka
(summoned, sheltered).

Vanquished Creatures
  A hound (D:4)
  3 adders
  3 orcs
  A ball python (D:2)
  2 endoplasms (D:1)
  2 giant cockroaches (D:1)
  7 goblins
  2 hobgoblins
  2 kobolds
  A quokka (D:2)
  4 bats
  4 rats
32 creatures vanquished.

Vanquished Creatures (collateral kills)
  A nameless horror (D:4)
  A wyvern (D:7)
  A water moccasin (D:7)
  A sky beast (D:7)
  3 phantoms
  A bullfrog (D:6)
  2 jellies (D:5)
  A gnoll bouda (D:6)
  3 hounds
  3 orc priests
  A sleepcap (D:5)
  2 iguanas
  3 orc wizards
  6 gnolls
  7 adders
  2 ufetubi
  A worm (D:3)
  13 orcs
  6 ball pythons
  5 bats
  An endoplasm (D:2)
  2 giant cockroaches (D:4)
  5 goblins
  6 hobgoblins
  4 quokkas
  2 frilled lizards
  10 kobolds
93 creatures vanquished.

Vanquished Creatures (others)
  Pargi (Sewer)
  A kobold brigand (D:7)
  A scorpion (D:3)
  An iguana (D:4)
  A plant (D:3)
5 creatures vanquished.

Grand Total: 130 creatures vanquished

Notes
Turn   | Place    | Note
-------+----------+-------------------------------------------
     0 | D:1      | cforsyth the Octopode Summoner began the quest for the Orb.
     0 | D:1      | Reached XP level 1. HP: 11/11 MP: 3/3
   209 | D:1      | Reached XP level 2. HP: 16/17 MP: 1/5
   786 | D:1      | Reached XP level 3. HP: 21/21 MP: 3/6
  1500 | D:1      | Learned a level 2 spell: Call Imp
  1504 | D:1      | Learned a level 3 spell: Call Canine Familiar
  1580 | D:2      | Reached XP level 4. HP: 27/27 MP: 1/8
  1913 | D:2      | Learned a level 3 spell: Summon Guardian Golem
  2286 | D:3      | Found a glowing drain.
  2299 | D:3      | Reached skill level 5 in Summonings
  2319 | D:3      | Noticed a scorpion
  2340 | D:3      | Killed a scorpion
  2341 | D:3      | Reached skill level 1 in Hexes
  2341 | D:3      | Reached XP level 5. HP: 31/31 MP: 5/10
  2368 | Sewer    | Entered a sewer
  2486 | Sewer    | Noticed Pargi
  2506 | Sewer    | Killed Pargi
  2507 | Sewer    | Reached XP level 6. HP: 36/36 MP: 1/11
  2939 | D:3      | Found a stormy altar of Qazlal.
  2943 | D:3      | Found a blossoming altar of Fedhas.
  3048 | D:3      | Found a white marble altar of Elyvilon.
  3184 | D:3      | Found a faded altar of an unknown god.
  3286 | D:3      | Found an ancient bone altar of Kikubaaqudgha.
  3636 | D:4      | Got the Atlas of Relocated Pyromancy
  3933 | D:4      | Reached skill level 6 in Summonings
  3933 | D:4      | Reached XP level 7. HP: 41/41 MP: 10/13
  3938 | D:4      | Learned a level 4 spell: Summon Lightning Spire
  4280 | D:4      | Found a shimmering altar of Xom.
  4280 | D:4      | Found a glowing golden altar of the Shining One.
  4329 | D:4      | Reached skill level 1 in Air Magic
  4453 | D:4      | Found Zin's Purification Station.
  4457 | D:4      | Found a glowing silver altar of Zin.
  4701 | D:5      | Entered Level 5 of the Dungeon
  5441 | D:5      | Noticed a nameless horror
  5464 | D:4      | HP: 2/41 [something (4)]
  5476 | D:4      | Reached skill level 5 in Spellcasting
  5627 | D:4      | HP: 1/41 [poisoned by an orc]
  6039 | D:4      | Killed a nameless horror
  6430 | D:5      | Reached XP level 8. HP: 46/46 MP: 10/15
  6672 | D:6      | Reached skill level 7 in Summonings
  7564 | D:7      | Noticed a wyvern
  7570 | D:7      | Killed a wyvern
  7584 | D:7      | Reached skill level 8 in Summonings
  7636 | D:7      | Killed from afar by an orc wizard

Illustrated notes

Levels and vault maps discovered:
D:1:      heliophobic_arrival_dark_side_of_the_moon, layout_loops_ring,
          st_stairs_14, minivault_19
D:2:      layout_basic, grunt_decor_resistance
D:3:      layout_rooms, nicolae_kikubaaqudgha_miasma_corner,
          gammafunk_temple_overflow_forgotten, basic_ecumenical_altar,
          cheibrodos_sewer_entry_sluice
D:4:      layout_loops_ring, zin_purify, jmf_multi_god_temple,
          minmay_fountain_box, st_stairs_8
D:5:      layout_basic
D:6:      layout_loops_ring
D:7:      layout_rooms, lemuel_doored_altar, old_standard_altar,
          minmay_temple_entry_poolview, minmay_chambers_of_fives, uniq_duvessa

Skill      XL: |  1  2  3  4  5  6  7  8 |
---------------+-------------------------+-----
Spellcasting   | 3 4 5 6 |  6.6
Summonings     | 5 6 8 |  8.1
Hexes          | 1 2 3 |  3.0
Air Magic      | 2 3 |  3.0
Dodging        | |  2.0
Stealth        | |  2.6

Action                     |  1- 3 |  4- 6 |  7- 9 || total
---------------------------+-------+-------+-------++-------
  Melee: Unarmed           |    61 |    16 |    26 ||   103
         Constrict         |    14 |     4 |     8 ||    26
         Tentacles         |     9 |     2 |     7 ||    18
   Cast: Summon Small Mamm |    40 |    10 |    23 ||    73
         Call Canine Famil |     2 |    23 |    33 ||    58
         Call Imp          |       |    13 |    26 ||    39
         Summon Guardian G |       |     2 |     7 ||     9
         Summon Lightning  |       |       |     2 ||     2
  Evoke: Wand              |       |       |     2 ||     2
    Use: Scroll            |       |     7 |     5 ||    12
         Potion            |       |       |     2 ||     2
   Stab: Sleeping          |     4 |       |       ||     4
 Armour: Skin              |     8 |     2 |     5 ||    15
  Dodge: Dodged            |    48 |    27 |    25 ||   100

Table legend: (Time is in decaauts)
 A = Elapsed time spent in this place.
 B = Non-inter-level travel time spent in this place.
 C = Inter-level travel time spent in this place.
 D = Time resting spent in this place.
 E = Time spent auto-exploring this place.
 F = Levels seen in this place.
 G = Mean time per level.
                   A        B        C        D        E       F      G
               +--------+--------+--------+--------+--------+-----+--------+
         Total |   7638 |   7457 |    181 |   1053 |   4821 |   8 |  954.8 |
       Dungeon |   7162 |   6981 |    181 |    753 |   4780 |   7 | 1023.1 |
         Sewer |    475 |    475 |      0 |    300 |     41 |   1 |  475.0 |
               +--------+--------+--------+--------+--------+-----+--------+

Top non-repeatable levels by time:
     D:4: 2095 daAuts
     D:1: 1282 daAuts
     D:5: 989 daAuts
     D:2: 977 daAuts
     D:6: 941 daAuts
     D:3: 799 daAuts
   Sewer: 475 daAuts
     D:7: 77 daAuts
